[Event "Titled Tuesday Blitz December 13 Early 2022"]
[White "Czopor, Maciej"]
[Black "Polanco Nunez, Yoel Estarling"]
[WhiteFideId "21805431"]
[BlackFideId "6401783"]
[WhiteElo "2324"]
[BlackElo "2132"]
[Result "1-0"]
[Round "02"]
[TimeControl "180+1"]
[Date "2022.12.14"]
[WhiteClock "0:02:37"]
[BlackClock "0:01:57"]

1. c4 Nf6 2. Nc3 e5 3. e3 Nc6 4. a3 d5 5. cxd5 Nxd5 6. Qc2 Be7 7. Nf3 O-O 8. Be2 Nxc3 9. bxc3 Bd6 10. O-O f5 11. d4 e4 12. Nd2 Rf6 13. g3 Ne7 14. Nc4 Bd7 15. a4 Nd5 16. Nxd6 cxd6 17. c4 Ne7 18. Bb2 Rc8 19. Qb3 Qc7 20. a5 Rff8 21. d5 Ng6 22. Bd4 Ra8 23. Rfb1 Bc8 24. Qb4 Re8 25. Bh5 Ne5 26. Bxe8 1-0


[Site "https://www.chess.com"]

[Event "Titled Tuesday Blitz December 13 Early 2022"]
[White "Danielyan, Vahe"]
[Black "Lorenzo De La Riva, Lazaro"]
[WhiteFideId "13304828"]
[BlackFideId "2268809"]
[WhiteElo "2423"]
[BlackElo "2294"]
[Result "1-0"]
[Round "02"]
[TimeControl "180+1"]
[Date "2022.12.14"]
[WhiteClock "0:01:30"]
[BlackClock "0:00:02"]

1. e4 c5 2. Nf3 Nc6 3. Bb5 e5 4. O-O Bd6 5. c3 a6 6. Bxc6 dxc6 7. h3 Ne7 8. Na3 b5 9. Nc2 O-O 10. a4 Bb7 11. d4 cxd4 12. cxd4 exd4 13. Ncxd4 c5 14. Nf5 Nxf5 15. exf5 Qc7 16. f6 Rfd8 17. Qb3 c4 18. Qe3 g6 19. axb5 axb5 20. Rxa8 Rxa8 21. Re1 Bf8 22. Ne5 Re8 23. Qg3 b4 24. Bf4 Qc5 25. Kh2 c3 26. bxc3 bxc3 27. Nxg6 hxg6 28. Rxe8 c2 29. Bd6 Qc6 30. Rxf8+ Kh7 31. Qh4# 1-0


[Site "https://www.chess.com"]

[Event "Titled Tuesday Blitz December 13 Early 2022"]
[White "Deac, Bogdan-Daniel"]
[Black "Mustafayev, Farid"]
[WhiteFideId "1226380"]
[BlackFideId "13408771"]
[WhiteElo "2649"]
[BlackElo "2192"]
[Result "1-0"]
[Round "02"]
[TimeControl "180+1"]
[Date "2022.12.13"]
[WhiteClock "0:00:05"]
[BlackClock "0:00:11"]

1. b3 d5 2. Bb2 c5 3. e3 Nc6 4. Bb5 Nf6 5. Nf3 e6 6. Bxc6+ bxc6 7. Ne5 Qc7 8. O-O Bd6 9. f4 Rb8 10. Qe1 O-O 11. d3 Ba6 12. Qg3 Ne8 13. Nd2 f6 14. Nef3 c4 15. dxc4 dxc4 16. Rfd1 Qe7 17. Nd4 Rb6 18. Ne4 c5 19. Nf3 Bb7 20. Ned2 cxb3 21. axb3 Bb8 22. Nc4 Rc6 23. Na5 Rc8 24. Nxb7 Qxb7 25. Qh3 Qc6 26. Nd2 Nc7 27. Nc4 Nd5 28. Na5 Qe8 29. f5 Nc7 30. Nc4 Nd5 31. fxe6 Nb6 32. Nd6 Bxd6 33. Rxd6 Qe7 34. Rad1 Rfd8 35. Qg3 Rxd6 36. Rxd6 Rd8 37. Rxd8+ Qxd8 38. h3 Nd5 39. Qf3 Qd6 40. Qe4 Nc7 41. e7 Kf7 42. Qxh7 Qxe7 43. Qd3 Qe6 44. e4 Kg8 45. Ba3 Qb6 46. Qc4+ Ne6 47. Bc1 Qc6 48. Be3 Kf8 49. Qd5 Qc8 50. h4 Ke7 51. h5 Qc7 52. Kf2 a5 53. g3 Kf7 54. c4 Qb8 55. g4 Qc7 56. Kf3 Ke7 57. e5 Qxe5 58. Qxe5 fxe5 59. Ke4 Kd6 60. g5 Nd4 61. h6 gxh6 62. gxh6 1-0


[Site "https://www.chess.com"]

[Event "Titled Tuesday Blitz December 13 Early 2022"]
[White "Derjabin, Ilja"]
[Black "Tsatsalashvili, Keti"]
[WhiteFideId "14104768"]
[BlackFideId "13603434"]
[WhiteElo "2309"]
[BlackElo "2220"]
[Result "0-1"]
[Round "02"]
[TimeControl "180+1"]
[Date "2022.12.14"]
[WhiteClock "0:00:01"]
[BlackClock "0:00:14"]

1. d4 Nf6 2. c4 e6 3. Nc3 d5 4. cxd5 exd5 5. Bg5 c6 6. e3 Bf5 7. Qf3 Bg6 8. Bxf6 Qxf6 9. Qxf6 gxf6 10. h4 h5 11. Nh3 Nd7 12. Nf4 Bd6 13. g3 Kf8 14. Bh3 Rd8 15. Kd2 Kg7 16. Rhg1 a5 17. Rac1 Nb6 18. b3 Ba3 19. Rcd1 Bb4 20. Nd3 Ra8 21. a4 Bd6 22. Nf4 Bb4 23. Nxg6 fxg6 24. Kd3 f5 25. Ne2 Rae8 26. Nf4 Nc8 27. Bg2 Nd6 28. Rc1 Ne4 29. Bxe4 Rxe4 30. Rc2 Rhe8 31. Re2 Bd6 32. Rc1 R8e7 33. Rcc2 Bb8 34. Rb2 Bd6 35. Nh3 Re8 36. Rbc2 Be7 37. Re1 Bb4 38. Rb1 R4e7 39. Re2 Kf6 40. Ng5 Kg7 41. Rg1 Bd6 42. Nf3 Re4 43. Kc2 Be7 44. Ne1 Bd6 45. Nd3 Rxd4 46. f3 c5 47. Rgg2 Rb4 48. Nxb4 axb4 49. Kd3 Rc8 50. Rc2 Kf6 51. g4 hxg4 52. fxg4 Rh8 53. h5 gxh5 54. gxf5 Rh6 55. a5 h4 56. e4 h3 57. Rg6+ Rxg6 58. fxg6 h2 59. Rc1 c4+ 60. bxc4 dxe4+ 61. Kxe4 b3 62. Kd5 Bf4 63. Rb1 b2 64. c5 Be3 65. a6 bxa6 66. c6 Bg1 67. c7 h1=Q+ 68. Kd6 Qh2+ 69. Kd7 Qh3+ 70. Kd8 Qd3+ 71. Ke8 Qe4+ 72. Kd8 Bb6 73. Rf1+ Kxg6 74. Kc8 Qa8+ 75. Kd7 Qd5+ 76. Kc8 Qe6+ 77. Kb7 Bxc7 0-1


[Site "https://www.chess.com"]

[Event "Titled Tuesday Blitz December 13 Early 2022"]
[White "Derraugh, Geordie"]
[Black "Albertini, Luca"]
[WhiteFideId "2603950"]
[BlackFideId "847038"]
[WhiteElo "2082"]
[BlackElo "2207"]
[Result "0-1"]
[Round "02"]
[TimeControl "180+1"]
[Date "2022.12.14"]
[WhiteClock "0:00:02"]
[BlackClock "0:00:39"]

1. e4 e5 2. Nf3 Nc6 3. Nc3 Nf6 4. Bb5 Bc5 5. Nxe5 Nxe5 6. d4 Bxd4 7. Qxd4 Ng6 8. O-O O-O 9. e5 Ne8 10. Be3 c6 11. Bd3 d5 12. f4 f5 13. exf6 Qxf6 14. f5 Ne5 15. g4 Nxd3 16. Qxd3 Qd6 17. Rae1 a6 18. g5 Qb4 19. Re2 Bxf5 20. Qd4 Qxd4 21. Bxd4 Rf7 22. Bc5 g6 23. Na4 Ng7 24. Nb6 Re8 25. Rxe8+ Nxe8 26. Re1 Be4 27. c3 Ng7 28. Rf1 Ne6 29. Rxf7 Kxf7 30. Be3 c5 31. Kf2 d4 32. cxd4 cxd4 33. Bd2 Bc6 34. Nc4 Nc5 35. Ne5+ Ke6 36. Nxc6 bxc6 37. Kf3 Kf5 38. h4 Ne4 39. Be1 c5 40. b3 Nd6 41. a4 c4 42. bxc4 Nxc4 43. Bb4 Nb2 44. a5 Nc4 45. Be1 d3 46. Bc3 d2 47. Ke2 Kg4 48. Bf6 Kxh4 49. Bd8 Kg4 50. Be7 Kf4 51. Bd8 Ke4 52. Bf6 Kd5 53. Bc3 Kc5 54. Kd1 Kb5 55. Ke2 Ka4 56. Kd1 Kb3 57. Be5 Nxa5 0-1


[Site "https://www.chess.com"]

[Event "Titled Tuesday Blitz December 13 Early 2022"]
[White "Deuer, Marius"]
[Black "Tan, Zhongyi"]
[WhiteFideId "16236432"]
[BlackFideId "8603642"]
[WhiteElo "2226"]
[BlackElo "2510"]
[Result "0-1"]
[Round "02"]
[TimeControl "180+1"]
[Date "2022.12.14"]
[WhiteClock "0:00:04"]
[BlackClock "0:00:30"]

1. d4 d5 2. c4 e6 3. Nc3 Nf6 4. Bf4 Be7 5. e3 O-O 6. Nf3 b6 7. Rc1 Bb7 8. Qc2 c5 9. cxd5 cxd4 10. Nxd4 Nxd5 11. Nxd5 Qxd5 12. Qb3 Qa5+ 13. Kd1 Bd5 14. Bc4 Bxc4 15. Rxc4 Nd7 16. Nc6 Qh5+ 17. f3 Bf6 18. Ke2 Nc5 19. Qc2 e5 20. Bg3 e4 21. b4 exf3+ 22. gxf3 Ne6 23. Rd1 Rfe8 24. Rg4 Rac8 25. Kf2 Qb5 26. Rc1 h5 27. Rc4 Ra8 28. a4 Qg5 29. h4 Qh6 30. b5 Nc5 31. e4 Ne6 32. Rd1 Be7 33. e5 Bc5+ 34. Kg2 Qe3 35. Re4 Qh6 36. Rc4 a6 37. Rd2 axb5 38. axb5 Ra1 39. Rd1 Rxd1 40. Qxd1 Qe3 41. Re4 Qc3 42. Qd7 Ra8 43. Re2 Qc1 44. Bf2 Nf4+ 45. Kh2 Nxe2 0-1


[Site "https://www.chess.com"]

[Event "Titled Tuesday Blitz December 13 Early 2022"]
[White "Devaev, Alexander"]
[Black "Kosteniuk, Alexandra"]
[WhiteFideId "4169395"]
[BlackFideId "4128125"]
[WhiteElo "2225"]
[BlackElo "2469"]
[Result "0-1"]
[Round "02"]
[TimeControl "180+1"]
[Date "2022.12.14"]
[WhiteClock "0:00:05"]
[BlackClock "0:00:12"]

1. Nf3 f5 2. d4 Nf6 3. g3 g6 4. Bg2 Bg7 5. b3 O-O 6. Bb2 a5 7. O-O a4 8. c4 axb3 9. axb3 Rxa1 10. Bxa1 b5 11. d5 Ba6 12. Nbd2 c6 13. dxc6 Nxc6 14. Qc2 Qb6 15. c5 Qc7 16. Rc1 Bb7 17. Nd4 Nxd4 18. Bxd4 Bxg2 19. Kxg2 Qc6+ 20. Nf3 Ra8 21. Qb2 g5 22. Kg1 h6 23. Qc2 Qd5 24. Rd1 Qe6 25. Qb2 f4 26. b4 Ra2 27. Qc3 Rxe2 28. Qd3 g4 29. Nd2 Re1+ 30. Nf1 Rxd1 31. Qxd1 Qd5 32. Qa1 Qf3 33. Nd2 Qd5 34. Nf1 fxg3 35. hxg3 Kf7 36. Ne3 Qe6 37. Qb2 h5 38. Qc2 Qe4 39. Qb2 e6 40. Ng2 Ne8 41. Bxg7 Nxg7 42. Qd2 Qd5 43. Qe2 Qc4 44. Qd2 Qd5 45. Qe2 Nf5 46. Nf4 Qc4 47. Qd2 Qd4 48. Qe2 Qxb4 49. Nxh5 Qxc5 50. Qxg4 Qc1+ 51. Kh2 Qh6 52. Kg2 Qg6 53. Qe2 b4 54. Nf4 Qf6 55. Qb5 Qd4 56. Qe2 b3 57. Qh5+ Ke7 58. Qh6 Nxh6 0-1


[Site "https://www.chess.com"]

[Event "Titled Tuesday Blitz December 13 Early 2022"]
[White "Dias, Joao Batista"]
[Black "Jaskolka, Tomasz"]
[WhiteFideId "2108240"]
[BlackFideId "1170791"]
[WhiteElo "1898"]
[BlackElo "2126"]
[Result "0-1"]
[Round "02"]
[TimeControl "180+1"]
[Date "2022.12.14"]
[WhiteClock "0:00:26"]
[BlackClock "0:01:00"]

1. e4 c5 2. f4 d5 3. exd5 Nf6 4. Nf3 Nxd5 5. d3 Nc6 6. Be2 Bg4 7. O-O e6 8. Nc3 Be7 9. Nxd5 exd5 10. Ne5 Nxe5 11. fxe5 Be6 12. c3 d4 13. Bf4 O-O 14. Qe1 Qb6 15. cxd4 Qxb2 16. Qd2 Qxd2 17. Bxd2 cxd4 18. a4 Rac8 19. Bf3 b6 20. Rfc1 Bf5 21. Be2 Bc5 22. h3 Rfe8 23. Bf4 Bb4 24. Bf1 Bc3 25. Rab1 Rc5 26. Rb5 Rec8 27. Rxc5 Rxc5 28. g4 Bd7 29. Bg2 Bxa4 30. Be4 g6 31. h4 Bc6 32. Bxc6 Rxc6 33. h5 gxh5 34. gxh5 f6 35. Kf2 fxe5 36. Bxe5 Rc5 37. Bb8 a5 38. Kf3 a4 39. Rg1+ Kf7 40. h6 a3 41. Rg7+ Ke6 42. Ra7 Ra5 43. Rb7 a2 44. Rxb6+ Kf5 0-1


[Site "https://www.chess.com"]

[Event "Titled Tuesday Blitz December 13 Early 2022"]
[White "Diaz Rosas, Julio Cesar"]
[Black "Hoang, Canh Huan"]
[WhiteFideId "5105099"]
[BlackFideId "12400599"]
[WhiteElo "2246"]
[BlackElo "2283"]
[Result "0-1"]
[Round "02"]
[TimeControl "180+1"]
[Date "2022.12.14"]
[WhiteClock "0:00:17"]
[BlackClock "0:00:29"]

1. d4 d5 2. c4 c6 3. Nf3 Nf6 4. Qc2 dxc4 5. Qxc4 Bf5 6. g3 e6 7. Bg2 Nbd7 8. O-O Be7 9. Re1 O-O 10. Qb3 Qb6 11. Nbd2 Ne4 12. Nc4 Qxb3 13. axb3 Bb4 14. Rd1 f6 15. Nh4 Rfe8 16. g4 Bxg4 17. Bxe4 Bxe2 18. Bd2 Be7 19. Bf3 Bxd1 20. Rxd1 f5 21. Ng2 Rad8 22. Re1 Bf6 23. Nd6 Re7 24. Nxb7 Rb8 25. Bxc6 Bxd4 26. Nf4 Ne5 27. Bg2 g5 28. Ne2 Bxb2 29. Nc5 f4 30. Be4 Rd8 31. Bc3 Bxc3 32. Nxc3 Rc7 33. b4 Rb8 34. Na2 Re8 35. Bc2 Nf3+ 36. Kf1 Nxe1 37. Kxe1 a5 38. Bb3 axb4 39. Nd3 Kg7 40. Kd2 e5 41. Naxb4 e4 42. Nb2 e3+ 43. fxe3 fxe3+ 44. Ke2 Rb7 45. N2d3 Rxb4 46. Nxb4 Rb8 47. Nd5 Rxb3 48. Nxe3 h6 49. Kf3 Kg6 50. Kf2 h5 51. Nc4 Rc3 52. Ne5+ Kf5 53. Nf3 Kf4 54. Nd4 Rd3 55. Ne2+ Kg4 56. Ng1 Rd2+ 57. Ke3 Rxh2 58. Ne2 Rxe2+ 59. Kxe2 h4 0-1


[Site "https://www.chess.com"]

[Event "Titled Tuesday Blitz December 13 Early 2022"]
[White "Dilanyan, Grigor"]
[Black "Remizov, Yaroslav"]
[WhiteFideId "13303570"]
[BlackFideId "34134015"]
[WhiteElo "2229"]
[BlackElo "2415"]
[Result "0-1"]
[Round "02"]
[TimeControl "180+1"]
[Date "2022.12.13"]
[WhiteClock "0:00:15"]
[BlackClock "0:00:21"]

1. e4 c6 2. d4 d5 3. exd5 cxd5 4. Bd3 Nc6 5. c3 Nf6 6. h3 g6 7. Nf3 Bg7 8. O-O O-O 9. Bf4 Bf5 10. Be2 Qb6 11. b4 Ne4 12. a4 Rac8 13. a5 Qd8 14. Qb3 h6 15. Bh2 g5 16. Nfd2 Nxc3 17. Nxc3 Nxd4 18. Qd1 Rxc3 19. Bh5 Bc2 20. Qe1 Bd3 21. Be5 Nc2 22. Bxc3 Nxe1 23. Bxg7 Bxf1 24. Bxf8 Kxf8 25. Rxe1 Bb5 26. Nf3 Be8 27. Nd4 Qd6 28. Nf5 Qxb4 29. Nxe7 Qxe1+ 0-1


[Site "https://www.chess.com"]

[Event "Titled Tuesday Blitz December 13 Early 2022"]
[White "Domingo Nunez, Ruben"]
[Black "Sankalan Shah"]
[WhiteFideId "22245570"]
[BlackFideId "25600362"]
[WhiteElo "2406"]
[BlackElo "2118"]
[Result "1-0"]
[Round "02"]
[TimeControl "180+1"]
[Date "2022.12.14"]
[WhiteClock "0:01:07"]
[BlackClock "0:00:11"]

1. b3 Nf6 2. Bb2 e6 3. Nf3 d5 4. e3 Be7 5. Be2 O-O 6. O-O c5 7. c4 Nc6 8. Re1 d4 9. exd4 cxd4 10. Bf1 Qc7 11. Na3 Bxa3 12. Bxa3 Rd8 13. Rc1 e5 14. Bb2 e4 15. Ng5 Qf4 16. Nh3 Bxh3 17. gxh3 Ne5 18. Bg2 Nd3 19. Ba3 Qxf2+ 20. Kh1 Nxe1 21. Qxe1 Qxe1+ 22. Rxe1 Re8 23. Bc5 Rad8 24. Bxa7 Nh5 25. Bb6 Rd6 26. Bc5 Ra6 27. a4 f5 28. Bxd4 Nf4 29. Bf1 Rd6 30. Be3 Nd3 31. c5 Rd5 32. Rb1 Nxc5 33. Bc4 Rd8 34. Bxc5 1-0


[Site "https://www.chess.com"]

[Event "Titled Tuesday Blitz December 13 Early 2022"]
[White "Dong, Bao Nghia"]
[Black "Tarasova, Viktoriya"]
[WhiteFideId "12400343"]
[BlackFideId "4175840"]
[WhiteElo "2305"]
[BlackElo "2182"]
[Result "1-0"]
[Round "02"]
[TimeControl "180+1"]
[Date "2022.12.14"]
[WhiteClock "0:01:48"]
[BlackClock "0:00:18"]

1. d4 Nf6 2. c4 e6 3. Nc3 Bb4 4. Qb3 Bxc3+ 5. Qxc3 b6 6. f3 d5 7. Bg5 O-O 8. e3 Bb7 9. Rc1 c6 10. Bd3 Nbd7 11. Ne2 h6 12. Bh4 Rc8 13. O-O c5 14. Qa3 a5 15. cxd5 exd5 16. Bf5 g5 17. Bg3 Qe7 18. Rfe1 Ba6 19. Nc3 Rc6 20. e4 dxe4 21. Nxe4 Qd8 22. Rcd1 Nxe4 23. Bxe4 Re6 24. dxc5 bxc5 25. Bd6 Rfe8 26. Bxc5 Qc7 27. Bf2 Nf6 28. Bf5 Rxe1+ 29. Bxe1 Re2 30. Qxa5 Qa7+ 31. Kh1 Qe3 32. Bc3 Qf2 33. Qd8+ Ne8 34. Rg1 Bb7 35. Be4 Bxe4 36. Qxe8+ Kh7 37. fxe4 Kg6 38. Qg8+ Kh5 39. Qc8 Qf4 40. Qh3+ Kg6 41. Qf5+ Qxf5 42. exf5+ Kxf5 43. Rf1+ Kg6 44. Rf6+ Kh5 45. h3 1-0


[Site "https://www.chess.com"]

[Event "Titled Tuesday Blitz December 13 Early 2022"]
[White "Dubov, Daniil"]
[Black "Aloma Vidal, Robert"]
[WhiteFideId "24126055"]
[BlackFideId "2260409"]
[WhiteElo "2792"]
[BlackElo "2435"]
[Result "1-0"]
[Round "02"]
[TimeControl "180+1"]
[Date "2022.12.13"]
[WhiteClock "0:01:20"]
[BlackClock "0:00:01"]

1. e4 e5 2. Nf3 Nf6 3. Nc3 Nc6 4. d4 exd4 5. Nxd4 Bb4 6. Nxc6 bxc6 7. Bd3 d5 8. exd5 O-O 9. O-O cxd5 10. Qf3 Rb8 11. Bg5 Be7 12. Bxf6 Bxf6 13. Nxd5 Bxb2 14. Rad1 Qg5 15. Qe4 g6 16. f4 Qh4 17. g3 Qh3 18. c3 Qe6 19. Qd4 f6 20. f5 Qe5 21. Qxe5 fxe5 22. fxg6 Rxf1+ 23. Bxf1 Be6 24. gxh7+ Kxh7 25. Nxc7 Bxa2 26. Rd7+ Kh6 27. Bd3 Bxc3 28. Nb5 Bb4 29. h4 Bg8 30. Kg2 e4 31. Be2 a6 32. Nd4 a5 33. g4 a4 34. g5+ Kg6 35. Nc6 Bc3 36. Ne7+ 1-0


[Site "https://www.chess.com"]

[Event "Titled Tuesday Blitz December 13 Early 2022"]
[White "Dudzinski, Pawel"]
[Black "Kaidanov, Gregory"]
[WhiteFideId "1117890"]
[BlackFideId "2008564"]
[WhiteElo "2099"]
[BlackElo "2596"]
[Result "1-0"]
[Round "02"]
[TimeControl "180+1"]
[Date "2022.12.14"]
[WhiteClock "0:00:09"]
[BlackClock "0:00:13"]

1. e4 e5 2. Nc3 Nf6 3. g3 c6 4. d4 exd4 5. Qxd4 d5 6. exd5 cxd5 7. Bg5 Nc6 8. Bb5 Be7 9. O-O-O O-O 10. Qa4 d4 11. Bxc6 bxc6 12. Qxd4 Qa5 13. Be3 Rd8 14. Qa4 Rxd1+ 15. Kxd1 Qf5 16. Qf4 Qe6 17. Nge2 c5 18. Kc1 Bd6 19. Qf3 Rb8 20. Nf4 Qf5 21. Rd1 Bb7 22. Qe2 Be5 23. Qd3 Qc8 24. b3 h6 25. Nfd5 Ba6 26. Nxf6+ Bxf6 27. Qd2 c4 28. Bd4 cxb3 29. axb3 Be7 30. Kb2 Qf5 31. Ra1 Bb7 32. Rxa7 Bb4 33. Qf4 Qc8 34. Bxg7 Kxg7 35. Qxb4 Bc6 36. Qd4+ Kg8 37. Qf6 Qe8 38. Qxh6 Rc8 39. Qg5+ Kf8 40. Qh6+ Kg8 41. Ra5 f6 42. Qxf6 Qf7 43. Rg5+ Kf8 44. Qh6+ Ke7 45. Rg7 Rf8 46. Rxf7+ Rxf7 47. Qg5+ Kd7 48. Qc5 Re7 49. b4 1-0


[Site "https://www.chess.com"]

[Event "Titled Tuesday Blitz December 13 Early 2022"]
[White "Estrada Nieto, Julian"]
[Black "Qashashvili, Alexandre"]
[WhiteFideId "5101018"]
[BlackFideId "13600842"]
[WhiteElo "2195"]
[BlackElo "2405"]
[Result "1-0"]
[Round "02"]
[TimeControl "180+1"]
[Date "2022.12.14"]
[WhiteClock "0:00:13"]
[BlackClock "0:00:05"]

1. e4 c6 2. d4 d5 3. exd5 cxd5 4. c3 Nc6 5. Bf4 Nf6 6. Nf3 Bf5 7. Nbd2 e6 8. Bb5 Bd6 9. Ne5 Rc8 10. O-O O-O 11. Bg3 Ne4 12. Nxe4 Bxe4 13. Nxc6 bxc6 14. Bd3 Bxg3 15. hxg3 Bxd3 16. Qxd3 c5 17. dxc5 Rxc5 18. Rfe1 Qb6 19. Re2 Rfc8 20. Qd4 Rc4 21. Qxb6 axb6 22. Rd1 b5 23. a3 Kf8 24. f3 Rd8 25. Kf2 d4 26. Re4 Ke7 27. Rexd4 Rcxd4 28. Rxd4 Rc8 29. Rb4 Rc5 30. Ke3 Kd6 31. g4 e5 32. a4 bxa4 33. Rxa4 h6 34. Ke4 g6 35. Ra6+ Ke7 36. Kd3 Rd5+ 37. Ke2 Rc5 38. Kd2 e4 39. Ke3 exf3 40. gxf3 f6 41. Kd4 Rg5 42. b4 h5 43. gxh5 Rxh5 44. c4 Rf5 45. Ke4 Kd7 46. c5 Ke7 47. f4 Kd7 48. Ra7+ Kc6 49. Rg7 Kb5 50. Rxg6 Rh5 51. Rxf6 Kxb4 52. c6 Rc5 53. f5 Kb5 54. Kf4 Rxc6 55. Rxc6 Kxc6 56. Ke5 Kd7 57. Kf6 Ke8 58. Kg7 1-0


[Site "https://www.chess.com"]

[Event "Titled Tuesday Blitz December 13 Early 2022"]
[White "Eynullayev, Atilla"]
[Black "Torres Boch, Jose Francisco"]
[WhiteFideId "13413570"]
[BlackFideId "2278383"]
[WhiteElo "2181"]
[BlackElo "2073"]
[Result "0-1"]
[Round "02"]
[TimeControl "180+1"]
[Date "2022.12.14"]
[WhiteClock "0:00:23"]
[BlackClock "0:00:08"]

1. d4 Nf6 2. c4 e6 3. Nc3 Bb4 4. e3 O-O 5. Bd3 c5 6. Nf3 d5 7. cxd5 exd5 8. dxc5 Na6 9. Bd2 Nxc5 10. Be2 Bf5 11. a3 Bxc3 12. Bxc3 Nfe4 13. Bd4 Ne6 14. O-O Nxd4 15. Qxd4 Rc8 16. Rac1 Qa5 17. Rfd1 h6 18. Ne5 Rxc1 19. Rxc1 Rc8 20. Rxc8+ Bxc8 21. f3 Nd6 22. Kf2 Nf5 23. Qf4 g5 24. Qb4 Qxb4 25. axb4 Kf8 26. Bd3 Ke7 27. Bc2 Kf6 28. Nd3 Nd6 29. Bb3 Be6 30. g4 Nc4 31. Ke2 Ne5 32. Nc5 b6 33. Na6 Nc6 34. Kd3 Ke5 35. b5 Na5 36. Bc2 f5 37. h3 f4 38. Nb4 fxe3 39. Kxe3 Nc4+ 40. Ke2 Nxb2 41. Nc6+ Kd6 42. Nxa7 Kc5 43. Bb3 Nc4 44. Nc6 Bd7 45. Ne7 Bxb5 46. Kf2 Ne5 47. Nf5 Nf7 48. h4 Bd3 49. Nxh6 Nxh6 50. hxg5 Nf7 51. f4 b5 52. Kf3 Kd4 53. Kg3 Be4 54. Kh4 Ke3 55. f5 Kf4 56. g6 Nh6 57. Kh5 Nxg4 58. g7 Nf6+ 59. Kg6 Ke5 60. Kf7 Bxf5 61. g8=Q Be6+ 62. Kg7 Bxg8 63. Bxd5 Nxd5 64. Kxg8 b4 65. Kg7 b3 66. Kg6 b2 67. Kg5 b1=Q 68. Kh6 Qf5 69. Kg7 Qf6+ 70. Kh7 Qg5 71. Kh8 Kf6 72. Kh7 Qg7# 0-1


[Site "https://www.chess.com"]

[Event "Titled Tuesday Blitz December 13 Early 2022"]
[White "Fernandez De La Vara, Arnaldo"]
[Black "Kulkarni, Vikramaditya"]
[WhiteFideId "3518388"]
[BlackFideId "5009847"]
[WhiteElo "2387"]
[BlackElo "2273"]
[Result "1-0"]
[Round "02"]
[TimeControl "180+1"]
[Date "2022.12.14"]
[WhiteClock "0:01:44"]
[BlackClock "0:00:45"]

1. Nf3 Nf6 2. g3 g6 3. b3 Bg7 4. Bb2 O-O 5. Bg2 d6 6. d4 Nc6 7. c4 e5 8. dxe5 Ng4 9. O-O Ngxe5 10. Qd2 Bg4 11. Nd4 Re8 12. Re1 Nxd4 13. Bxd4 Nf3+ 14. Bxf3 Bxd4 15. Qxd4 Bxf3 16. Nc3 Bc6 17. b4 Re6 18. e4 Qf6 19. Qxf6 Rxf6 20. b5 Rf3 21. Rac1 Be8 22. Red1 Kg7 23. Kg2 Rf6 24. Nd5 a6 25. Nxf6 Kxf6 26. b6 1-0


[Site "https://www.chess.com"]

[Event "Titled Tuesday Blitz December 13 Early 2022"]
[White "Fernandez Siles, Luis"]
[Black "Rangel, Daniel"]
[WhiteFideId "2209420"]
[BlackFideId "2124475"]
[WhiteElo "2186"]
[BlackElo "2225"]
[Result "0-1"]
[Round "02"]
[TimeControl "180+1"]
[Date "2022.12.14"]
[WhiteClock "0:00:14"]
[BlackClock "0:01:21"]

1. d4 d5 2. c4 c6 3. Nc3 Nf6 4. cxd5 cxd5 5. Bf4 Nc6 6. e3 g6 7. Bd3 Bg7 8. h3 O-O 9. Nf3 Bf5 10. Bxf5 gxf5 11. Ne5 e6 12. g4 fxg4 13. hxg4 Ne4 14. Nxe4 dxe4 15. Nxc6 bxc6 16. g5 Qa5+ 17. Kf1 Qb5+ 18. Kg2 Qf5 19. Rc1 f6 20. Rc5 e5 21. dxe5 fxe5 22. Qh5 Rae8 23. Rhc1 Re6 24. Bg3 Rg6 25. Rxc6 Rxg5 26. Qe2 h5 27. Qc4+ Kh8 28. Rh1 Qxf2+ 0-1


[Site "https://www.chess.com"]

[Event "Titled Tuesday Blitz December 13 Early 2022"]
[White "Fiedorek, Michal"]
[Black "Movahed, Sina"]
[WhiteFideId "1199528"]
[BlackFideId "42520835"]
[WhiteElo "2201"]
[BlackElo "2225"]
[Result "1-0"]
[Round "02"]
[TimeControl "180+1"]
[Date "2022.12.14"]
[WhiteClock "0:01:04"]
[BlackClock "0:00:09"]

1. e4 c5 2. Nf3 d6 3. d4 cxd4 4. Nxd4 Nf6 5. Nc3 a6 6. Be3 e6 7. h3 b5 8. a3 Bb7 9. Bd3 Nbd7 10. g4 Nc5 11. f3 Rc8 12. Qd2 Be7 13. O-O-O Nfd7 14. f4 Qc7 15. g5 Nb6 16. f5 e5 17. Nde2 d5 18. f6 dxe4 19. Bxb5+ axb5 20. fxe7 Kxe7 21. Ng3 Rhd8 22. Nf5+ Ke8 23. Qf2 Nca4 24. Nxg7+ Kf8 25. Ne6+ 1-0


[Site "https://www.chess.com"]

[Event "Titled Tuesday Blitz December 13 Early 2022"]
[White "Fier, Alexandr"]
[Black "Grunberg, Mihai-Lucian"]
[WhiteFideId "2107139"]
[BlackFideId "1204149"]
[WhiteElo "2612"]
[BlackElo "2363"]
[Result "1/2-1/2"]
[Round "02"]
[TimeControl "180+1"]
[Date "2022.12.14"]
[WhiteClock "0:01:06"]
[BlackClock "0:00:07"]

1. e4 Nf6 2. e5 Nd5 3. Nf3 d6 4. d4 dxe5 5. dxe5 Bg4 6. h3 Bxf3 7. Qxf3 c6 8. Bc4 e6 9. Nd2 Be7 10. Qe2 O-O 11. Nf3 Nd7 12. a3 a5 13. O-O Qc7 14. Re1 b5 15. Ba2 N7b6 16. Bg5 Bxg5 17. Nxg5 h6 18. Nf3 Rfd8 19. Rad1 Ne7 20. c3 Rxd1 21. Rxd1 Rd8 22. Re1 Ng6 23. Bb1 Ne7 24. Qe4 Ng6 25. h4 Nc4 26. h5 Nf8 27. Qe2 a4 28. Bd3 Nxb2 29. Bxb5 cxb5 30. Qxb2 Qc5 31. Nd4 Rd5 32. f4 g6 33. hxg6 Nxg6 34. g3 h5 35. Kg2 h4 36. Re4 hxg3 37. Kxg3 Qc4 38. Re3 Qf1 39. Rf3 Ne7 40. Qg2 Qxg2+ 41. Kxg2 Rc5 42. Kf2 Nd5 43. Ne2 Rc4 44. Ke1 f6 45. exf6 Kf7 46. Kd2 Kxf6 47. Nd4 b4 48. axb4 Nxb4 49. Nb5 Nd5 50. Rh3 Rxf4 51. Rh8 Rf2+ 52. Kd3 Rf3+ 53. Kd4 Rf4+ 54. Kc5 a3 55. Ra8 Rf5 56. Nd6 Nc7+ 57. Nxf5 Nxa8 58. Ne3 a2 59. Nc2 Kf5 60. Kb4 Ke4 61. Kb3 Kd3 62. Nb4+ Kd2 63. Nxa2 e5 64. Nb4 Nb6 65. c4 Nxc4 66. Kxc4 e4 67. Nd5 e3 68. Nxe3 1/2-1/2


[Site "https://www.chess.com"]

[Event "Titled Tuesday Blitz December 13 Early 2022"]
[White "Forgacs, Attila Jr."]
[Black "Kuderinov, Kirill"]
[WhiteFideId "773654"]
[BlackFideId "13701568"]
[WhiteElo "2168"]
[BlackElo "2459"]
[Result "0-1"]
[Round "02"]
[TimeControl "180+1"]
[Date "2022.12.14"]
[WhiteClock "0:00:01"]
[BlackClock "0:00:44"]

1. e4 e5 2. Nf3 Nc6 3. Bb5 a6 4. Ba4 Nf6 5. O-O b5 6. Bb3 Be7 7. d4 d6 8. h3 Nxd4 9. Nxd4 exd4 10. c3 dxc3 11. Nxc3 O-O 12. Bg5 Bb7 13. Re1 h6 14. Bh4 b4 15. Na4 Re8 16. Rc1 Nxe4 17. Bxe7 Rxe7 18. Bc2 Nf6 19. Qd2 a5 20. a3 Rxe1+ 21. Rxe1 bxa3 22. bxa3 Qd7 23. Nc3 Qc6 24. Ne4 Nxe4 25. Bxe4 d5 26. Bb1 Re8 27. Rxe8+ Qxe8 28. Qd3 g6 29. h4 Qe1+ 30. Kh2 Qxf2 31. h5 Qh4+ 32. Kg1 Qxh5 33. Qb5 Bc6 34. Qxc6 Qd1+ 35. Kh2 Qxb1 36. Qe8+ Kg7 37. Qe5+ Kh7 38. Qf6 Qf5 39. Qd8 Qf4+ 40. Kg1 d4 41. Qd5 c6 42. Qxc6 d3 43. Qd5 d2 44. Qd7 Kg7 45. Qd5 Qe3+ 46. Kh2 g5 0-1


[Site "https://www.chess.com"]

[Event "Titled Tuesday Blitz December 13 Early 2022"]
[White "Fromm, Marius"]
[Black "Vokhidov, Shamsiddin"]
[WhiteFideId "12993190"]
[BlackFideId "14204223"]
[WhiteElo "2325"]
[BlackElo "2597"]
[Result "0-1"]
[Round "02"]
[TimeControl "180+1"]
[Date "2022.12.13"]
[WhiteClock "0:01:06"]
[BlackClock "0:01:39"]

1. e4 c5 2. Nf3 d6 3. d4 cxd4 4. Nxd4 Nf6 5. Nc3 Nc6 6. f3 e5 7. Nb3 Be7 8. Be3 O-O 9. Qd2 Be6 10. O-O-O a5 11. Bb5 Nb4 12. Kb1 d5 13. exd5 Nfxd5 14. a3 Nxc3+ 15. Qxc3 Nd5 16. Qxe5 Bd6 17. Qe4 Nxe3 18. Qxe3 Qe7 19. Nd4 Bc5 20. Rhe1 Rad8 21. Bc4 Qf6 22. Bxe6 Bxd4 23. Rxd4 Rxd4 24. Bb3 g6 25. g3 Rfd8 26. h4 a4 27. c3 Rd3 0-1


[Site "https://www.chess.com"]